 Dungeon Crawl Stone Soup version 0.28-a0-57-g271197699b (webtiles) character file.

Game seed: 14714060845513591329

24 MacCMillion the Chiller (level 3, 19/19 HPs)
             Began as a Gargoyle Ice Elementalist on July 30, 2021.
             Quit the game on level 1 of the Dungeon.
             The game lasted 00:02:44 (770 turns).

MacCMillion the Chiller (Gargoyle Ice Elementalist)  Turns: 770, Time: 00:02:45

Health: 19/19      AC:  5    Str: 11    XL:     3   Next: 2%
Magic:  3/6        EV: 12    Int: 16    God:
Gold:   16         SH:  0    Dex: 10    Spells: 5/6 levels left

rFire   . . .      SeeInvis .   e - +0 dagger
rCold   . . .      Faith    .   (no shield)
rNeg    + . .      Spirit   .   a - +0 robe
rPois   ∞          Reflect  .   (no helmet)
rElec   +          Harm     .   (no cloak)
rCorr   .          Rampage  .   (no gloves)
Will    .....                   (no boots)
Stlth   ++........              (no amulet)
HPRegen 0.06/turn               (no ring)
MPRegen 0.10/turn               (no ring)

@: no status effects
A: sickness immunity, AC +3, negative energy resistance 1, electricity
resistance, torment resistance 1, petrification resistance
a: no special abilities


You were on level 1 of the Dungeon.
You visited 1 branch of the dungeon, and saw 1 of its levels.

You collected 16 gold pieces.

Inventory:

Hand Weapons
 e - a +0 dagger (weapon)
Armour
 a - a +0 robe (worn)
Jewellery
 b - an amulet of guardian spirit
Scrolls
 c - a scroll of magic mapping {unknown}
 d - a scroll of holy word {unknown}
Potions
 f - a potion of might {unknown}


   Skills:
 + Level 0.4 Short Blades
 + Level 1.7 Dodging
 + Level 2.3 Stealth
 + Level 2.1 Spellcasting
 + Level 4.5 Ice Magic


You had 5 spell levels left.
You knew the following spells:

 Your Spells              Type           Power      Damage    Failure   Level
a - Freeze                Ice            64%        1d8       3%          1

Your spell library contained the following spells:

 Spells                   Type           Power      Damage    Failure   Level
 Frozen Ramparts          Ice            32%        1d5       10%         3
 Ozocubu's Armour         Ice            16%        N/A       10%         3
 Hailstorm                Conj/Ice       9%         3d4       63%         4


Dungeon Overview and Level Annotations

Branches:
Dungeon (1/15)

Altars:


Innate Abilities, Weirdness & Mutations

You are immune to sickness and miasma.
Your stone body is resilient. (AC +3)
You are immune to poison.
You resist negative energy. (rN+)
You are resistant to electric shocks. (rElec)
You are resistant to unholy torment.
You are immune to petrification.


Message History

A hobgoblin is nearby!
You freeze the hobgoblin!
You kill the hobgoblin!
A quokka is nearby!
A quokka is nearby!
Items here: ))) ††.
A frilled lizard comes into view.
A frilled lizard is nearby!
The frilled lizard hisses angrily.
The frilled lizard closely misses you.
You freeze the frilled lizard.
You kill the frilled lizard!
A quokka is nearby!
A quokka is nearby!
The quokka bites you.
You freeze the quokka.
The quokka is moderately wounded.
The quokka bites you.
A quokka is nearby!
You freeze the quokka.
You kill the quokka!
A jackal comes into view.
No target in view!
No target in view!
No target in view!
A jackal comes into view.
A jackal is nearby!
The jackal barks!
You freeze the jackal.
The jackal is almost dead.
The jackal barks!
The jackal barely misses you. The jackal completely misses you.
You freeze the jackal.
You kill the jackal!
You have reached level 3!
Your experience leads to an increase in your attributes!
Increase (S)trength, (I)ntelligence, or (D)exterity?
You feel clever. The jackal barely misses you.
Are you sure you want to abandon this character and quit the game? (Confirm with "yes".)

..###'### #..........#
....#)# ####......(...#
.##.#.# #.............#
.##..(####.............#
##......##.............#
##......#####..........#
#......# #..........#
######.## #..........#
#..# #...@......# ##.#
#...h......# #.#
##..........# #.#
.....S...####
#.##.........#
#g##.........#
#..#..........
##.#...........
#.........


You could see a jackal and a ball python.

Vanquished Creatures
  2 endoplasms (D:1)
  A giant cockroach (D:1)
  2 goblins (D:1)
  4 hobgoblins (D:1)
  2 jackals (D:1)
  4 kobolds (D:1)
  2 quokkas (D:1)
  A ball python (D:1)
  A bat (D:1)
  A frilled lizard (D:1)
  A rat (D:1)
21 creatures vanquished.

Notes
Turn   | Place    | Note
-------+----------+-------------------------------------------
     0 | D:1      | MacCMillion the Gargoyle Ice Elementalist began the quest
                  | for the Orb.
     0 | D:1      | Reached XP level 1. HP: 10/10 MP: 3/3
   286 | D:1      | Reached XP level 2. HP: 15/15 MP: 3/5
   767 | D:1      | Reached XP level 3. HP: 18/19 MP: 3/6
   770 | D:1      | Quit the game

Illustrated notes

Levels and vault maps discovered:
D:1:      elethiomel_arrival_quiet, layout_basic

Action                   || total
-------------------------++-------
Melee: Short sword       ||     5
       Dagger            ||     1
 Cast: Freeze            ||    30
Armor: Robe              ||     4
Dodge: Dodged            ||    25

Table legend: (Time is in decaauts)
 A = Elapsed time spent in this place.
 B = Non-inter-level travel time spent in this place.
 C = Inter-level travel time spent in this place.
 D = Time resting spent in this place.
 E = Time spent auto-exploring this place.
 F = Levels seen in this place.
 G = Mean time per level.
                   A        B        C        D        E       F      G
               +--------+--------+--------+--------+--------+-----+--------+
         Total |    769 |    769 |      0 |     16 |    565 |   1 |  769.0 |
       Dungeon |    769 |    769 |      0 |     16 |    565 |   1 |  769.0 |
               +--------+--------+--------+--------+--------+-----+--------+

Top non-repeatable levels by time:
     D:1: 769 daAuts
